 Dungeon Crawl Stone Soup version 0.29.0-4-gdea44cf6ec (webtiles) character file.

Game seed: 7705628273860000876

88 sanka the Insei (level 4, 0/26 HPs)
             Began as a Tengu Warper on Aug 27, 2022.
             Killed from afar by an orc wizard (5 damage)
             ... with a puff of flame
             ... on level 3 of the Dungeon.
             The game lasted 00:03:12 (3219 turns).

sanka the Insei (Tengu Warper)                      Turns: 3219, Time: 00:03:12

Health: 0/26       AC:  3    Str: 12    XL:     4   Next: 53%
Magic:  8/8        EV: 12    Int: 15    God:
Gold:   115        SH:  0    Dex: 13    Spells: 7/7 levels left

rFire   . . .      SeeInvis .     - Unarmed
rCold   . . .      Faith    .   (no shield)
rNeg    . . .      Spirit   .   a - +0 leather armour
rPois   .          Reflect  .   (helmet restricted)
rElec   .          Harm     .   (no cloak)
rCorr   .          Rampage  .   (no gloves)
Will    .....                   (boots unavailable)
Stlth   +.........              (no amulet)
HPRegen 0.08/turn               (no ring)
MPRegen 0.11/turn               (no ring)

@: no status effects
A: beak, talons 3
a: no special abilities


You were on level 3 of the Dungeon.
You visited 1 branch of the dungeon, and saw 3 of its levels.

You collected 115 gold pieces.


Innate Abilities, Weirdness & Mutations

You have a beak for a mouth.
You have claws for feet.


   Skills:
 - Level 2.0 Fighting
 - Level 1.0 Throwing
 - Level 1.1 Armour
 - Level 2.1 Dodging
 + Level 5.1 Unarmed Combat
 - Level 2.0 Spellcasting
 - Level 2.4 Translocations


You had 7 spell levels left.
You didn't know any spells.
Your spell library contained the following spells:

 Spells                   Type           Power      Damage    Failure   Level
 Blink                    Tloc           16%        N/A       16%         2
 Gell's Gravitas          Tloc           8%         N/A       32%         3
 Lesser Beckoning         Tloc           8%         N/A       32%         3
 Teleport Other           Tloc           8%         N/A       32%         3
 Manifold Assault         Tloc           8%         N/A       96%         5

Inventory:

Missiles
 c - 7 boomerangs of dispersal (quivered) {=f}
 g - 5 boomerangs
 p - 5 poisoned darts
Armour
 a - a +0 leather armour (worn)
Scrolls
 b - 2 scrolls of blinking
 h - 2 scrolls of identify {unknown}
 i - 4 scrolls of poison {unknown}
 k - a scroll of butterflies {unknown}
 l - 2 scrolls of noise {unknown}
 n - a scroll of teleportation {unknown}
 q - a scroll of amnesia {unknown}
Potions
 d - 3 potions of degeneration {unknown}
 e - a potion of cancellation {unknown}
 f - a potion of invisibility {unknown}
 j - 2 potions of curing {unknown}
 m - a potion of magic {unknown}
 o - 2 potions of attraction {unknown}

Dungeon Overview and Level Annotations

Branches:
Dungeon (3/15)

Altars:

Shops:
D:1 [:

Annotations:
D:2 Sigmund

.........▒▒ .▒▒▒▒▒▒▒.▒ ▒.▒ .. .▒
▒.▒ ▒.▒ ▒▒. .▒▒ ▒▒+▒ ▒.▒ ▒▒.. ..▒
▒▒...▒▒ ▒.▒ ... ..▒ ▒▒.....▒▒
▒▒▒▒.▒▒▒▒▒ ▒.. ..▒▒▒.......▒▒
▒▒........▒ ▒..
▒.▒▒.........▒▒▒▒...▒o.▒▒.▒▒▒▒▒†.
...+.........'..Q..).{....w.)....
▒.▒▒.).......▒▒▒▒..†▒▒▒▒▒.▒▒▒▒▒..
..▒ ▒.......▒▒ ▒▒..▒▒▒▒▒.▒ ▒▒.
▒▒▒ ▒▒.....▒▒ ▒........▒ ▒..
▒▒...▒▒ ▒▒.▒▒▒▒▒▒▒ ▒.▒ ▒▒'▒▒ ▒.▒
▒. ▒▒▒▒▒ ▒.▒ ▒.▒ ▒. ....▒
▒.▒▒▒▒▒▒ ▒.▒ ▒. ▒▒▒.▒ ▒▒......▒
▒.▒ ▒.


You could see an orc.


Message History

You kill the bat!
The bat closely misses you. The bat misses you. The bat hits you.
* * * LOW HITPOINT WARNING * * *
You hit the bat.
You kill the bat!
You completely miss the orc. The orc closely misses you.
You hit the orc. You claw the orc.
You kill the orc!
Things that are here:
a +0 hand axe; a ruby potion You closely miss something.
Unknown command.
Something hits you but does no damage.
You hear some strange, mumbled words.
A puff of flame appears from out of thin air!
The puff of flame misses you.
A magic dart appears from out of thin air!
The magic dart hits you.
* * * LOW HITPOINT WARNING * * *
You see here a +0 club.
A magic dart appears from out of thin air!
The magic dart hits you.
* * * LOW HITPOINT WARNING * * *
A puff of flame appears from out of thin air!
The puff of flame hits you.
You die...

Action                   |  1- 3 |  4- 6 || total
-------------------------+-------+-------++-------
Melee: Unarmed           |   109 |    38 ||   147
       Kick              |    17 |     9 ||    26
       Peck              |    15 |     2 ||    17
       Punch             |     1 |       ||     1
Armor: Leather armour    |    30 |    19 ||    49
Dodge: Dodged            |    71 |    40 ||   111

Levels and vault maps discovered:
D:1:      psy_arrival_radial02, layout_basic, serial_shops, shop,
          nicolae_shop_waterfront, chequers_ecumenical_altar_twisty
D:2:      layout_loops_ring, uniq_sigmund
D:3:      layout_loops_corners, minmay_liquid_box

Notes
Turn   | Place    | Note
-------+----------+-------------------------------------------
     0 | D:1      | sanka the Tengu Warper began the quest for the Orb.
     0 | D:1      | Reached XP level 1. HP: 12/12 MP: 4/4
   349 | D:1      | Found Hacruel's Book Shop.
   402 | D:1      | Found Aniekorr's Antique Armour Boutique.
   412 | D:1      | Reached skill level 3 in Unarmed Combat
   412 | D:1      | Reached XP level 2. HP: 12/17 MP: 6/6
   943 | D:1      | Found a faded altar of an unknown god.
   973 | D:1      | Reached XP level 3. HP: 21/21 MP: 7/7
  1378 | D:2      | Reached skill level 4 in Unarmed Combat
  1973 | D:2      | Noticed Sigmund
  2005 | D:2      | HP: 1/21 [Sigmund/magic dart (9)]
  2930 | D:3      | Reached XP level 4. HP: 26/26 MP: 8/8
  3099 | D:3      | Reached skill level 5 in Unarmed Combat
  3219 | D:3      | Killed from afar by an orc wizard

Vanquished Creatures
  3 adders
  A worm (D:2)
  2 dart slugs
  2 orcs (D:3)
  9 bats
  6 endoplasms
  A giant cockroach (D:2)
  6 hobgoblins
  2 quokkas
  4 ball pythons (D:1)
  2 frilled lizards
  7 goblins
  4 rats
49 creatures vanquished.
